 Dungeon Crawl Stone Soup version 0.18.1-48-g4cf74bf (webtiles) character file.

172 dvd the Twirler (level 5, -1/32 HPs)
             Began as a Gargoyle Gladiator on Aug 13, 2016.
             Killed by divine providence
             ... invoked by an orc priest
              (17 damage)
             ... on level 3 of the Dungeon.
             The game lasted 00:06:17 (2578 turns).

dvd the Twirler (Gargoyle Gladiator)                Turns: 2578, Time: 00:06:20

Health: -1/32      AC: 11    Str: 19    XL:     5   Next: 52%
Magic:  4/5        EV: 10    Int:  8    God:
Gold:   114        SH:  0    Dex: 11    Spells: 0 memorised, 4 levels left

rFire  . . .     SeeInvis .     a - +0 quarterstaff
rCold  . . .     Gourm    .     u - +0 scale mail
rNeg   + . .     Faith    .     (shield currently unavailable)
rPois  ∞         Spirit   .     c - +0 helmet
rElec  +         Dismiss  .     (no cloak)
rCorr  .         Reflect  .     (no gloves)
SustAt .         Harm     .     (no boots)
MR     .....                    x - amulet of magic regeneration
Stlth  ..........               (no ring)
                                (no ring)

@: not resistant to hostile enchantments, extremely unstealthy
A: negative energy resistance 1, electricity resistance, unbreathing,
petrification resistance, rot immunity, AC +4
a: no special abilities


You were on level 3 of the Dungeon.
You were not hungry.

You visited 1 branch of the dungeon, and saw 4 of its levels.

You collected 114 gold pieces.

Inventory:

Hand Weapons
 a - a +0 quarterstaff (weapon)
 z - a +3 dagger of draining
Missiles
 d - 3 throwing nets (quivered)
Armour
 b - a +0 leather armour
 c - a +0 helmet (worn)
 h - a +0 ring mail
 u - a +0 scale mail (worn)
Jewellery
 m - an uncursed ring of fire
 x - an amulet of magic regeneration (around neck)
Wands
 v - a wand of slowing (25/48)
Scrolls
 e - 4 scrolls of immolation {unknown}
 l - 2 scrolls of identify {unknown}
 o - a scroll of magic mapping {unknown}
 s - a scroll of teleportation {unknown}
 w - a scroll of noise {unknown}
Potions
 j - a potion of agility {unknown}
 k - a potion of degeneration {unknown}
 p - 2 potions of curing {unknown}
 q - 2 potions of haste {unknown}
 r - a potion of cancellation {unknown}
 t - a potion of heal wounds {unknown}
Books
 y - a book of Burglary

   Spells                             Type                      Level
   a - Swiftness                      Charms/Air                   2
   b - Passwall                       Transmutation/Earth          2
   c - Passage of Golubria            Translocation                4
   d - Lee's Rapid Deconstruction     Earth                        5
   e - Darkness                       Hexes                        6
   f - Invisibility                   Hexes                        6
Comestibles
 f - 2 bread rations
 g - 2 meat rations
 i - a royal jelly
 n - a chunk of flesh


   Skills:
 + Level 3.2 Fighting
 + Level 4.1 Staves
 + Level 2.0 Throwing
 + Level 2.1 Armour
 + Level 3.1 Dodging
 + Level 1.0 Stealth


You had 4 spell levels left.
You didn't know any spells.

Dungeon Overview and Level Annotations

Branches:
Dungeon (4/15)
 Temple: D:4-7

Altars:


Innate Abilities, Weirdness & Mutations

You are resistant to torment.
Your stone body is resilient (AC +4).
You are immune to poison.
You resist negative energy.
You are resistant to electric shocks.
You can survive without breathing.
You are immune to petrification.
You are immune to rotting.


Message History

The orc hits you.
An orc comes into view. It is wielding a short sword.
You completely miss the orc priest.
The orc priest hits you but does no damage.
The orc hits you with an antimagic hand axe.
You feel your power leaking away. The orc hits you but does no damage.
An orc comes into view. It is wielding a war axe.
The orc shouts!
You hit the orc priest.
The orc priest is moderately wounded.
The orc closely misses you. The orc barely misses you.
The orc priest hits you but does no damage.
You hit the orc priest but do no damage.
The orc priest is moderately wounded.
The orc hits you.
The orc priest invokes the aid of Beogh against you.
Beogh smites you!
Ouch! That really hurt!
You die...

..≈≈≈#≈..⌠≈≈≈≈≈. #.
..≈≈≈≈≈..#≈≈≈≈≈. #..
#.####≈≈≈≈≈≈≈≈#≈≈.. #...
#.####..#≈≈≈≈≈≈....
....###........≈≈.≈≈.....
.......#..######........
#.......# #........
#.#....oo.## ##..##.##
#......o@..## #..##..#
.#...oo##..## #.###.##
#.....###..####.###.#
#$....# ##..........###
#####o###.....)........
.o.......###.(....#
.............######
......##..####
#...........


You could see an orc priest and 6 orcs.

Vanquished Creatures
  Ijyb (D:3)
  A gnoll (D:1)
  3 adders (D:2)
  4 oozes (D:1)
  9 dart slugs (D:3)
  A giant gecko (D:1)
  An orc (D:3)
  4 giant cockroaches
  7 goblins
  4 hobgoblins
  8 jackals
  A ball python (D:3)
  5 bats
  12 kobolds
  12 rats
73 creatures vanquished.

Notes
Turn   | Place    | Note
--------------------------------------------------------------
     0 | D:1      | dvd the Gargoyle Gladiator began the quest for the Orb.
     0 | D:1      | Reached XP level 1. HP: 12/12 MP: 1/1
    38 | D:1      | Reached XP level 2. HP: 11/18 MP: 2/2
   473 | D:1      | Reached XP level 3. HP: 17/22 MP: 3/3
   801 | D:1      | Reached skill level 1 in Armour
  1153 | D:2      | Reached XP level 4. HP: 27/27 MP: 4/4
  1809 | D:2      | You fall through a shaft for 2 floors!
  1853 | D:3      | Noticed Ijyb
  1877 | D:3      | Killed Ijyb
  1877 | D:3      | Reached XP level 5. HP: 27/32 MP: 5/5
  1955 | D:3      | Reached skill level 4 in Staves
  2240 | D:2      | Reached skill level 1 in Stealth
  2578 | D:3      | Killed from afar by an orc priest

Skill      XL: |  1  2  3  4  5 |
---------------+----------------+-----
Throwing       | 2 |  2.0
Armour         | 1 2 |  2.1
Dodging        | 3 |  3.1
Fighting       | 3 |  3.2
Staves         | 4 |  4.1
Stealth        | 1 |  1.0

Action                   |  1- 3 |  4- 6 || total
-------------------------+-------+-------++-------
Melee: Quarterstaff      |    85 |   183 ||   268
 Stab: Sleeping          |     1 |       ||     1
  Eat: Chunk             |     1 |     5 ||     6
Armor: Leather armour    |    30 |       ||    30
       Ring mail         |     2 |    50 ||    52
       Scale mail        |       |    70 ||    70
Dodge: Dodged            |    53 |   127 ||   180
